AoeStats
← Fredericksson

Four Lakes

507786591Analyzed
1v1 RM · 12d ago on Sep 19, 2026· 67m 6s· 2 players
Game mode
Random Map
Map size
Tiny (2 player)
Population
200
Speed
Normal
Resources
Standard
Victory
Conquest
Starting age
Dark Age
Ending age
Imperial Age
RankedLock teamsTeams togetherTeam positionsShared explorationLock speedFull tech treeHidden civsTurbo modeCheats
Victory
Defeat
🇬🇧 Turks · United Kingdom
730
+16
🇺🇸 Japanese · United States
728
-16
Mf MelloMike
4:11 Loom
11:19 Feudal Age
13:20 Wheelbarrow
14:07 Gold Mining
14:11 Fishing Lines
23:00 Castle Age
23:22 Forging
23:12 Scale Mail Armor
23:12 Stone Mining
25:04 Medium Warships
26:22 Gold Shaft Mining
26:25 Iron Casting
28:53 Double-Bit Axe
30:47 Chain Mail Armor
35:32 Imperial Age
36:43 Kataparuto
48:17 Arson
56:58 Blast Furnace
56:28 Plate Mail Armor
Fredericksson
3:15 Loom
11:26 Feudal Age
14:30 Horse Collar
14:38 Double-Bit Axe
15:20 Forging
21:47 Castle Age
29:57 Fletching
30:15 Scale Mail Armor
40:05 Imperial Age
45:50 Heavy Cavalry Archer
46:59 Parthian Tactics
46:40 Thumb Ring
46:46 Padded Archer Armor
46:42 Bodkin Arrow
48:04 Bow Saw
51:06 Ballistics
51:52 Husbandry
52:05 Bloodlines
56:40 Iron Casting
56:13 Scale Barding Armor
56:12 Bracer
Connection lost

Rejoining the realm…

Still unreachable

The connection could not be restored.

Session expired

The server has moved on; the page needs a fresh start.